 Dungeon Crawl Stone Soup version 0.27-a0-1586-gd5c625afe7 (webtiles) character file.

Game seed: 11508955776064416680

3566 HAL9000 the Covert (level 10, -2/49 HPs)
             Began as a Vine Stalker Brigand on July 18, 2021.
             Was a Priest of Dithmenos.
             Shot with an arrow by a centaur (7 damage)
             ... on level 8 of the Dungeon.
             The game lasted 00:17:26 (8698 turns).

HAL9000 the Covert (Vine Stalker Brigand)           Turns: 8698, Time: 00:17:27

Health: -2/49      AC:  6    Str: 15    XL:     10   Next: 9%
Magic:  0/17       EV: 11    Int: 13    God:    Dithmenos [***...]
Gold:   478        SH:  5    Dex: 16    Spells: 8/17 levels left

rFire    . . .     SeeInvis .   a - +2 dagger
rCold    . . .     Faith    .   r - +0 buckler
rNeg     + . .     Spirit   +   b - +0 robe
rPois    .         Reflect  .   u - +2 helmet
rElec    .         Harm     .   c - +0 cloak
rCorr    .         Rampage  .   (no gloves)
Will     +....                  (no boots)
Stlth    ++++++....             F - amulet of magic regeneration
HPRegen  1.16/turn              A - ring of positive energy
MPRegen  0.15/turn              (no ring)

@: marked, wreathed by umbra
A: fangs 3, regeneration 1, magic shield, antimagic bite, no potion heal 2
a: Renounce Religion, Shadow Step


You were on level 8 of the Dungeon.
You worshipped Dithmenos.
Dithmenos was most pleased with you.
You visited 1 branch of the dungeon, and saw 8 of its levels.
You also visited: Ossuary.

You collected 478 gold pieces.

Inventory:

Hand Weapons
 a - a +2 dagger (weapon)
 L - a +0 rapier of electrocution
Missiles
 d - 21 poisoned darts (quivered)
 e - 2 curare-tipped darts
 s - 4 javelins
 D - 2 throwing nets
 K - 5 boomerangs
Armour
 b - a +0 robe (worn)
 c - a +0 cloak (worn)
 r - a +0 buckler (worn)
 u - a +2 helmet (worn)
Jewellery
 A - a ring of positive energy (left hand)
 F - an amulet of magic regeneration (around neck)
Wands
 p - a wand of iceblast (13)
 C - a wand of flame (65)
Scrolls
 f - a scroll of magic mapping
 h - a scroll of vulnerability {unknown}
 i - 2 scrolls of amnesia
 k - a scroll of teleportation
 l - a scroll of torment {unknown}
 n - 4 scrolls of identify {unknown}
 t - a scroll of fear {unknown}
 x - 3 scrolls of enchant weapon {unknown}
 y - a scroll of enchant armour {unknown}
 z - a scroll of noise {unknown}
 H - a scroll of silence {unknown}
 I - a scroll of acquirement {unknown}
 J - a scroll of summoning {unknown}
 M - a scroll of immolation {unknown}
Potions
 g - 5 potions of degeneration {unknown}
 j - a potion of attraction {unknown}
 m - 2 potions of lignification {unknown}
 o - 2 potions of cancellation {unknown}
 q - 4 potions of curing {unknown}
 v - a potion of ambrosia {unknown}
 w - a potion of flight {unknown}
 B - a potion of resistance {unknown}
 E - a potion of invisibility {unknown}
 G - a potion of heal wounds {unknown}


   Skills:
 - Level 3.6 Fighting
 - Level 5.1 Short Blades
 - Level 4.1 Throwing
 - Level 0.7 Dodging
 + Level 10.2 Stealth
 - Level 4.0 Shields
 - Level 4.0 Spellcasting
 - Level 7.2 Hexes


You had 8 spell levels left.
You knew the following spells:

 Your Spells              Type           Power      Damage    Failure   Level
a - Dazzling Flash        Conj/Hex       24%        N/A       14%         3
b - Teleport Other        Tloc           2%         N/A       52%         3
c - Summon Guardian Gole  Hex/Summ       12%        N/A       14%         3

Your spell library contained the following spells:

 Spells                   Type           Power      Damage    Failure   Level
 Summon Small Mammal      Summ           8%         N/A       21%         1
 Poisonous Vapours        Pois/Air       4%         N/A       30%         2
 Call Canine Familiar     Summ           2%         N/A       52%         3
 Gell's Gravitas          Tloc           1%         N/A       52%         3
 Lesser Beckoning         Tloc           1%         N/A       52%         3
 Mephitic Cloud           Conj/Pois/Air  2%         N/A       52%         3
 Iskenderun's Mystic Bla  Conj/Tloc      2%         2d3       90%         4
 Freezing Cloud           Conj/Ice/Air   1%         6-21      99%         5
 Simulacrum               Ice/Necr       1%         N/A       100%        6
 Starburst                Conj/Fire      1%         8x6d3     100%        6
 Polar Vortex             Ice            1%         N/A       100%        9


Dungeon Overview and Level Annotations

Branches:
Dungeon (8/15)             Temple (0/1) D:5         Ossuary (visited)
   Lair: D:8-11

Altars:
Dithmenos
Fedhas
Hepliaklqana
Nemelex Xobeh
Qazlal
Ru
Uskayaw
Vehumet
Wu Jian
Xom
Yredelemnul
Zin

Annotations:
D:6 2 transporters, HAL9000's ghost, novice VSBr
D:7 3 runed translucent doors, dricus's ghost, novice DjAE


Innate Abilities, Weirdness & Mutations

You have razor-sharp teeth.
Your natural rate of healing is unusually fast.
When hurt, damage is shared between your health and your magic reserves.
Your bite disrupts and absorbs the magic of your enemies.
Potions cannot restore your health.


Message History

The alarm trap emits a blaring wail!
A sentinel's mark forms upon you.
You hear a shout!
You hear an angry hiss.
You hear a shout! x2
You continue putting on your amulet of magic regeneration. x3
The seven-headed hydra barely misses you.
The seven-headed hydra bites you.
You block the seven-headed hydra's attack.
The seven-headed hydra bites you but does no damage.
The seven-headed hydra bites you. x2; The seven-headed hydra bites you!
You continue putting on your amulet of magic regeneration.
The seven-headed hydra bites you! x2; The seven-headed hydra bites you.
* * * LOW HITPOINT WARNING * * *
The seven-headed hydra bites you.
* * * LOW HITPOINT WARNING * * *
The seven-headed hydra barely misses you.
The seven-headed hydra bites you.
* * * LOW HITPOINT WARNING * * *
The seven-headed hydra bites you!
* * * LOW HITPOINT WARNING * * *
You finish putting on your amulet of magic regeneration.
The amulet cannot attune itself to your exhausted body.
F - an amulet of magic regeneration (around neck)
Okay, then.
There is a stone staircase leading down here.
A centaur comes into view.
The centaur wields a +0 shortbow.
The centaur shoots an arrow.
The arrow hits you! The seven-headed hydra bites you!
* * * LOW HITPOINT WARNING * * *
The seven-headed hydra bites you but does no damage.
The seven-headed hydra closely misses you.
The seven-headed hydra misses you.
You block the seven-headed hydra's attack.
The seven-headed hydra bites you!
* * * LOW HITPOINT WARNING * * *
The seven-headed hydra bites you.
* * * LOW HITPOINT WARNING * * *
There is a stone staircase leading up, spattered with blood here.
The centaur shoots an arrow.
The arrow closely misses you.
The centaur shoots an arrow.
The arrow hits you!
You die...

##).# .# #...# ##########.#
).#.# #....oo.(((# )...#
#.########## #..## #.#
#..#####.######
..c.h.h..c....## ###########
#
#.#.####.###...###..........
#
..........h..#D.@.).########
# #.#.#####.##h..####># #
.>..## #.###.## #.# #
#....####.###.# #.# #
####.....).##.# #.# #
######..##.#####.#### #
#..............# #
#.####.####.##.# #
#.####.####.##.# #


You could see a seven-headed hydra, a centaur and a howler monkey.

Vanquished Creatures
  A hornet (D:7)
  A water moccasin (D:7)
  An ice beast (D:8)
  3 orc warriors (D:8)
  A sky beast (D:7)
  2 necrophages
  2 ogres
  A centaur (D:7)
  A phantom (D:4)
  3 elf zombies (Ossuary)
  A kobold brigand (D:7)
  Blork the orc (D:6)
  4 bullfrogs
  4 scorpions
  A water moccasin zombie (D:5)
  5 wights (D:6)
  5 killer bees (D:7)
  2 howler monkeys (D:8)
  A bullfrog zombie (D:6)
  2 centaur zombies (D:6)
  A jelly (D:6)
  5 orc priests
  A hound (D:5)
  2 gnoll shamans
  A centaur skeleton (D:6)
  2 iguanas (D:6)
  4 orc wizards
  4 mummies (Ossuary)
  13 gnolls
  4 adders
  A howler monkey skeleton (D:4)
  2 shadow imps
  2 white imps (D:7)
  An ufetubus (D:4)
  An adder skeleton (D:4)
  An adder zombie (D:5)
  3 worms
  4 dart slugs
  17 orcs
  3 bats
  7 endoplasms
  6 giant cockroaches
  A gnoll zombie (Ossuary)
  3 goblins
  10 hobgoblins
  11 jackals
  11 kobolds
  2 quokkas
  6 ball pythons
  3 frilled lizards (D:2)
  2 goblin zombies (Ossuary)
  2 hobgoblin zombies (Ossuary)
  A jackal zombie (Ossuary)
  2 kobold zombies (Ossuary)
  An orc zombie (Ossuary)
  4 rats
186 creatures vanquished.

Notes
Turn   | Place    | Note
-------+----------+-------------------------------------------
     0 | D:1      | HAL9000 the Vine Stalker Brigand began the quest for the
                  | Orb.
     0 | D:1      | Reached XP level 1. HP: 11/11 MP: 2/2
   502 | D:1      | Reached XP level 2. HP: 15/15 MP: 3/3
   991 | D:1      | Reached XP level 3. HP: 13/18 MP: 4/4
  1522 | D:1      | Found a faded altar of an unknown god.
  2173 | D:2      | Gained mutation: Your natural rate of healing is unusually
                  | fast. [Vine Stalker growth]
  2173 | D:2      | Reached XP level 4. HP: 23/23 MP: 5/5
  2220 | D:2      | Reached skill level 5 in Stealth
  2267 | D:2      | Found a shadowy altar of Dithmenos.
  2278 | D:2      | Became a worshipper of Dithmenos the Shadowed
  2302 | D:2      | Learned a level 3 spell: Dazzling Flash
  2886 | D:3      | Found a hide-covered altar of Uskayaw.
  2932 | D:3      | Found a glowing silver altar of Zin.
  2992 | D:3      | Reached skill level 1 in Hexes
  3029 | D:3      | Reached XP level 5. HP: 25/26 MP: 6/6
  3301 | D:4      | Noticed a necrophage
  3411 | D:4      | Found a sand-covered staircase.
  3414 | D:4      | Found a basalt altar of Yredelemnul.
  3523 | Ossuary  | Entered an ossuary
  3556 | Ossuary  | Reached * piety under Dithmenos
  3609 | Ossuary  | Reached XP level 6. HP: 10/30 MP: 2/7
  3727 | Ossuary  | Reached skill level 5 in Hexes
  3757 | Ossuary  | Reached XP level 7. HP: 34/34 MP: 8/8
  4350 | D:5      | Entered Level 5 of the Dungeon
  4371 | D:5      | Found a sacrificial altar of Ru.
  4448 | D:5      | Found a blossoming altar of Fedhas.
  4471 | D:5      | Found a sparkling altar of Nemelex Xobeh.
  4473 | D:5      | Found an ornate altar of the Wu Jian Council.
  4473 | D:5      | Found a stormy altar of Qazlal.
  4669 | D:5      | Found a staircase to the Ecumenical Temple.
  4717 | D:5      | Reached skill level 1 in Shields
  4717 | D:5      | Gained mutation: You have razor-sharp teeth. [Vine Stalker
                  | growth]
  4717 | D:5      | Reached XP level 8. HP: 38/38 MP: 9/9
  5623 | D:6      | Found a radiant altar of Vehumet.
  5685 | D:6      | Found a transporter.
  5788 | D:6      | Reached ** piety under Dithmenos
  5832 | D:6      | Found a transporter.
  5847 | D:6      | Noticed HAL9000's ghost (novice VSBr)
  6072 | D:6      | Noticed Blork the orc
  6085 | D:6      | Killed Blork the orc
  6086 | D:6      | Reached XP level 9. HP: 40/44 MP: 8/10
  6691 | D:7      | Found a runed translucent gate.
  6691 | D:7      | Found a runed translucent gate.
  6692 | D:7      | Found a runed translucent gate.
  6693 | D:7      | Noticed dricus's ghost (novice DjAE)
  6723 | D:7      | Reached skill level 5 in Short Blades
  6723 | D:7      | Noticed a troll
  6748 | D:7      | Learned a level 3 spell: Teleport Other
  6921 | D:7      | Reached skill level 1 in Spellcasting
  7383 | D:7      | Noticed a hornet
  7394 | D:7      | Killed a hornet
  7395 | D:7      | Reached skill level 6 in Stealth
  7400 | D:7      | Reached skill level 7 in Stealth
  7914 | D:8      | Learned a level 3 spell: Summon Guardian Golem
  7937 | D:8      | Reached skill level 8 in Stealth
  8060 | D:8      | Reached *** piety under Dithmenos
  8075 | D:8      | Reached skill level 9 in Stealth
  8329 | D:8      | Found a shimmering altar of Xom.
  8330 | D:8      | Found a hazy altar of Hepliaklqana.
  8331 | D:8      | Noticed a spectral ugly thing
  8334 | D:8      | Reached XP level 10. HP: 49/49 MP: 17/17
  8553 | D:8      | Reached skill level 10 in Stealth
  8665 | D:8      | Noticed a seven-headed hydra
  8671 | D:8      | HP: 1/49 [seven-headed hydra (9)]
  8698 | D:8      | Shot with an arrow by a centaur

Illustrated notes

Levels and vault maps discovered:
D:1:      psy_arrival_dodecagon, layout_rooms,
          hellmonk_ecumenical_altar_slurped_away
D:2:      layout_basic, basic_altar
D:3:      layout_basic, nicolae_uskayaw_dance_hall, mainiacjoe_overflow_alcove_2
D:4:      layout_cave_pools, mainiacjoe_overflow_catwalk,
          nicolae_ossuary_entry_monument, minmay_crystal_water,
          chequers_serial_rivers_marsh
D:5:      layout_basic, mainiacjoe_overflow_alcove_4,
          mainiacjoe_overflow_cross_hatched, grunt_temple_overflow_open,
          minmay_temple_entry_purple_smoke
D:6:      layout_layer_cave, vehumet_altar_wand_db, gammafunk_ghost_stat_death,
          uniq_blork_the_orc
D:7:      layout_basic, gammafunk_ghost_split
D:8:      layout_loops_ring, regret_index_temple_of_mockery,
          minmay_manual_mandibuliform

Skill      XL: |  1  2  3  4  5  6  7  8  9 10 |
---------------+-------------------------------+-----
Throwing       | 2 3 4 |  4.1
Stealth        | 5 9 10 | 10.2
Short Blades   | 2 4 5 |  5.1
Hexes          | 1 4 5 7 |  7.2
Shields        | 1 4 |  4.0
Fighting       | 3 |  3.6
Spellcasting   | 4 |  4.0
Dodging        | |  0.7

Action                   |  1- 3 |  4- 6 |  7- 9 | 10-12 || total
-------------------------+-------+-------+-------+-------++-------
Melee: Dagger            |   122 |   207 |   537 |    48 ||   914
       Bite              |    24 |    71 |   172 |    20 ||   287
       Rapier            |       |       |       |     8 ||     8
Throw: Dart              |     4 |     1 |    75 |     5 ||    85
       Javelin           |       |     8 |       |       ||     8
 Cast: Dazzling Flash    |       |       |     6 |     1 ||     7
       Summon Guardian G |       |       |     1 |       ||     1
  Use: Scroll            |       |     3 |       |       ||     3
 Stab: Sleeping          |     8 |     9 |    15 |     1 ||    33
       Invisible         |       |       |     2 |     1 ||     3
Armor: Robe              |    24 |    33 |   119 |     5 ||   181
Dodge: Dodged            |    75 |    97 |   267 |    44 ||   483
Block: Buckler           |       |    22 |   117 |    13 ||   152

Table legend: (Time is in decaauts)
 A = Elapsed time spent in this place.
 B = Non-inter-level travel time spent in this place.
 C = Inter-level travel time spent in this place.
 D = Time resting spent in this place.
 E = Time spent auto-exploring this place.
 F = Levels seen in this place.
 G = Mean time per level.
                   A        B        C        D        E       F      G
               +--------+--------+--------+--------+--------+-----+--------+
         Total |   8569 |   8242 |    327 |   1039 |   5101 |   9 |  952.1 |
       Dungeon |   8216 |   7889 |    327 |   1034 |   5028 |   8 | 1027.0 |
       Ossuary |    353 |    353 |      0 |      5 |     73 |   1 |  353.0 |
               +--------+--------+--------+--------+--------+-----+--------+

Top non-repeatable levels by time:
     D:1: 1592 daAuts
     D:6: 1560 daAuts
     D:2: 1227 daAuts
     D:7: 1176 daAuts
     D:8: 759 daAuts
     D:5: 737 daAuts
     D:4: 587 daAuts
     D:3: 575 daAuts
 Ossuary: 353 daAuts
